 Dungeon Crawl Stone Soup version 0.31-a0-702-gf82c85558f (webtiles) character file.

Game seed: 2887304128897520856

81 qw the Shooter (level 4, -2/28 HPs)
             Began as a Gargoyle Hunter on Sept 8, 2023.
             Killed from afar by an orc wizard (7 damage)
             ... with a puff of flame
             ... on level 3 of the Dungeon.
             The game lasted 00:00:45 (1896 turns).

qw the Shooter (Gargoyle Hunter)                    Turns: 1896, Time: 00:00:45

Health: -2/28      AC:  9    Str: 14    XL:     4   Next: 40%
Magic:  4/4        EV: 10    Int: 10    God:
Gold:   102        SH:  0    Dex: 15    Spells: 3/3 levels left

rFire   . . .        Y - +1 shortbow (flame)
rCold   . . .        (shield currently unavailable)
rNeg    + . .        h - +0 ring mail
rPois   inf          (no helmet)
rElec   +            (no cloak)
rCorr   .            (no gloves)
SInv    .            l - +0 pair of boots
Will    .....        (no amulet)
Stlth   +            (no ring)
HPRegen 0.24/turn    (no ring)
MPRegen 0.09/turn

%: no passive effects
@: no status effects
A: sickness immunity, AC +3, negative energy resistance 1, electricity
resistance, torment resistance 1, petrification resistance
a: no special abilities


You were on level 3 of the Dungeon.
You visited 1 branch of the dungeon, and saw 3 of its levels.

You collected 102 gold pieces.


Innate Abilities, Weirdness & Mutations

You are immune to sickness and miasma.
Your stone body is resilient. (AC +3)
You are immune to poison.
You resist negative energy. (rN+)
You are resistant to electric shocks. (rElec)
You are resistant to unholy torment.
You are immune to petrification.


   Skills:
 - Level 3.0 Fighting
 + Level 5.2 Ranged Weapons
 - Level 1.0 Armour
 - Level 1.5 Dodging
 - Level 1.1 Stealth


You had 3 spell levels left.
You didn't know any spells.
Your spell library was empty.

Inventory:

Hand Weapons
 Y - a +1 shortbow of flaming (weapon)
Armour
 h - a +0 ring mail (worn)
 l - a +0 pair of boots (worn)
Scrolls
 a - a scroll of teleportation
 i - a scroll of identify
Potions
 b - a potion of degeneration {unknown}
 c - a potion of heal wounds {unknown}
 d - a potion of curing {unknown}
 e - a potion of cancellation {unknown}
 f - a potion of resistance {unknown}
 g - a potion of haste {unknown}
 j - a potion of might

Dungeon Overview and Level Annotations

Branches:
Dungeon (3/15)

Altars:


Message History

Something hits you.
You shoot an arrow. Something hits you but does no damage.
You shoot an arrow.
You hear some strange, mumbled words.
You are more confused.
Something hits you.
You shoot an arrow. Something hits you but does no damage.
You shoot an arrow. Something hits you.
You shoot an arrow. Something hits you but does no damage.
You shoot an arrow. Something hits you. Something hits you but does no damage.
You shoot an arrow. Something hits you but does no damage.
You shoot an arrow. Something hits you but does no damage.
You shoot an arrow.
An orc wizard appears from thin air!
Reactivating autopickup.
The orc wizard hits you with a +0 dagger.
You feel less confused.
The orc wizard casts a spell.
The orc wizard flickers and vanishes!
Deactivating autopickup; reactivate with Ctrl-A.
You shoot an arrow.
You hear some strange, mumbled words.
A puff of flame appears from out of thin air!
The puff of flame hits you!
You shoot an arrow.
Something hits you but does no damage. x2
You shoot an arrow. Something hits you.
You shoot an arrow.
You hear some strange, mumbled words.
A puff of flame appears from out of thin air!
The puff of flame hits you!
You die...

#..# # ...# ##
..#)........
#...#.#.#$.#.###
#..........%...
......#.#).#.#
........{)...#
#....#.#@.##
####....#%#.).#
.............##
.......##.#.##
.....#.##.###
..........#
##...#).###
##...#..####
#..........#


There were no monsters in sight!

Vanquished Creatures
  An adder (D:1)
  3 worms (D:2)
  2 dart slugs
  4 orcs (D:3)
  4 ball pythons
  5 endoplasms
  3 giant cockroaches
  5 goblins
  5 hobgoblins
  3 jackals
  4 kobolds
  A quokka (D:2)
  3 bats
  3 frilled lizards
  7 rats
53 creatures vanquished.

Notes
Turn   | Place    | Note
-------+----------+-------------------------------------------
     0 | D:1      | qw the Gargoyle Hunter began the quest for the Orb.
     0 | D:1      | Reached XP level 1. HP: 12/12 MP: 1/1
     0 | D:1      | 0 ||| qw: Version: 0.3-a-76-g4403597
     0 | D:1      | 0 ||| qw: Game counter: 943
     0 | D:1      | 0 ||| qw: Melee chars always use a shield: true
     0 | D:1      | 0 ||| qw: God list: Okawaru
     0 | D:1      | 0 ||| qw: Allow faded altars: false
     0 | D:1      | 0 ||| qw: Do Orc after clearing Dungeon:15 true
     0 | D:1      | 0 ||| qw: Do second Lair branch before Depths: true
     0 | D:1      | 0 ||| qw: Lair rune preference: random
     0 | D:1      | 0 ||| qw: Goals: Normal
     0 | D:1      | 0 ||| PLANNING D:1-11
    84 | D:1      | Reached XP level 2. HP: 9/17 MP: 2/2
   987 | D:1      | 987 ||| READING scroll labelled FOIXUVABRIM.
   988 | D:1      | 988 ||| READING scroll labelled ODYLLOEKHE.
   989 | D:1      | 989 ||| READING scroll labelled RAUT EX DILENT.
   990 | D:1      | 990 ||| READING scroll labelled JUACWAF VULOHO.
   991 | D:1      | 991 ||| READING scroll labelled YPUKHIERPHA.
   995 | D:1      | 995 ||| READING scroll labelled OBIRO NOUQ.
   996 | D:1      | 996 ||| DROPPING scroll of butterflies.
  1013 | D:2      | 1013 ||| STAIRDANCE
  1022 | D:1      | Reached XP level 3. HP: 19/21 MP: 3/3
  1034 | D:2      | Reached skill level 5 in Ranged Weapons
  1289 | D:2      | Reached skill level 3 in Fighting
  1423 | D:2      | Reached XP level 4. HP: 28/28 MP: 4/4
  1602 | D:2      | 1602 ||| UPGRADING to +0 ring mail.
  1612 | D:2      | 1612 ||| DROPPING +0 leather armour.
  1613 | D:2      | 1613 ||| UPGRADING to +0 pair of boots.
  1618 | D:2      | 1618 ||| READING scroll labelled AJYKLO XEPHOM.
  1619 | D:2      | 1619 ||| READING scroll labelled POESOTIFIO.
  1620 | D:2      | 1620 ||| DRINKING 2 sedimented emerald potions.
  1842 | D:3      | Reached skill level 1 in Armour
  1893 | D:3      | HP: 6/28 [something/puff of flame (7)]
  1896 | D:3      | Killed from afar by an orc wizard

Levels and vault maps discovered:
D:1:      lemuel_arrival_room, layout_basic
D:2:      layout_rooms, st_stairs_14, minmay_statues_item,
          minmay_indecisive_spiral
D:3:      minmay_inner_zag, layout_basic, minitemple, corexii_shack

Skill      XL: |  1  2  3  4 |
---------------+-------------+-----
Ranged Weapons | 5 |  5.2
Fighting       | 3 |  3.0
Armour         | 1 |  1.0
Dodging        | |  1.5
Stealth        | |  1.1

Action                     |  1- 3 |  4- 6 || total
---------------------------+-------+-------++-------
   Fire: Shortbow          |   113 |    70 ||   183
    Use: Scroll            |     6 |     2 ||     8
         Potion            |       |     1 ||     1
 Armour: Leather armour    |    19 |       ||    19
         Ring mail         |       |    40 ||    40
  Dodge: Dodged            |    23 |     4 ||    27

Table legend:
 A = Non-vault XP
 B = Vault XP
 C = Vault XP percentage of total XP
 D = Non-vault monster count
 E = Vault monster count
 F = Vault count percentage of total count
                 A         B        C        D         E       F
            +---------+---------+-------+---------+---------+-------
      Total |     108 |       8 |   6.9 |      47 |       6 |  11.3
            +---------+---------+-------+---------+---------+-------
        D:1 |      38 |       0 |   0.0 |      14 |       0 |   0.0
        D:2 |      40 |       8 |  16.7 |      17 |       6 |  26.1
        D:3 |      30 |       0 |   0.0 |      16 |       0 |   0.0
            +---------+---------+-------+---------+---------+-------
